 Dungeon Crawl Stone Soup version 0.27.1-4-g1640c2035a (webtiles) character file.

Game seed: 2439997352324929018

14 pkoi the Insei (level 2, -2/26 HPs)
             Began as a Draconian Monk on Nov 15, 2021.
             Slain by a hobgoblin (4 damage)
             ... led by Robin
             ... on level 2 of the Dungeon.
             The game lasted 00:00:53 (707 turns).

pkoi the Insei (Draconian Monk)                      Turns: 707, Time: 00:00:53

Health: -2/26      AC:  5    Str: 13    XL:     2   Next: 27%
Magic:  2/2        EV:  9    Int: 10    God:
Gold:   32         SH:  0    Dex: 13    Spells: 1/1 levels left

rFire    . . .     SeeInvis .     - Unarmed
rCold    . . .     Faith    .   (no shield)
rNeg     . . .     Spirit   .   (armour unavailable)
rPois    .         Reflect  .   (helmet restricted)
rElec    .         Harm     .   (no cloak)
rCorr    .         Rampage  .   a - +0 pair of gloves
Will     .....                  (no boots)
Stlth    ++........             (no amulet)
HPRegen  0.08/turn              (no ring)
MPRegen  0.08/turn              (no ring)

@: constricted
A: AC +4, unfitting armour, cold-blooded
a: no special abilities


You were on level 2 of the Dungeon.
You visited 1 branch of the dungeon, and saw 2 of its levels.

You collected 32 gold pieces.

Inventory:

Armour
 a - a +0 pair of gloves (worn)
Scrolls
 b - a scroll of amnesia
Potions
 c - 2 potions of curing {unknown}
 d - 2 potions of brilliance {unknown}
 e - 2 potions of might {unknown}


   Skills:
 - Level 3.2 Fighting
 - Level 2.6 Dodging
 - Level 1.7 Stealth
 + Level 3.7 Unarmed Combat


You had one spell level left.
You didn't know any spells.
Your spell library was empty.

Dungeon Overview and Level Annotations

Branches:
Dungeon (1/15)

Altars:

Annotations:
D:2 Robin


Innate Abilities, Weirdness & Mutations

Your plain brown scales are hard. (AC +4)
You cannot fit into any form of body armour.
You are cold-blooded and may be slowed by cold attacks.


Message History

A frilled lizard comes into view.
The goblin shoots a stone.
The stone barely misses you.
A ball python comes into view.
Found a scroll labelled SIUFIAKEEC.
The frilled lizard hisses angrily.
The goblin shoots a stone.
The stone hits you but does no damage.
Robin roars a battlecry!
The hobgoblin goes into a battle-frenzy!
Found a grey potion.
The ball python barely misses you. The ball python grabs you.
The ball python constricts you.
The ball python's grasp on you weakens, but your attempt to escape fails.
The ball python bites you but does no damage.
The ball python constricts you.
You closely miss the ball python.
Your tail-slap misses the ball python.
The ball python bites you.
* * * LOW HITPOINT WARNING * * *
The ball python constricts you.
* * * LOW HITPOINT WARNING * * *
Robin throws the goblin at you!
* * * LOW HITPOINT WARNING * * *
You barely miss the ball python.
The goblin no longer looks unusually strong.
The ball python completely misses you. The ball python constricts you.
The goblin unwields a +0 hunting sling.
The goblin wields a +0 dagger.
The goblin hits you but does no damage.
Unknown command.
You hit the ball python but do no damage.
The ball python bites you.
* * * LOW HITPOINT WARNING * * *
The ball python constricts you.
The hobgoblin hits you but does no damage.
Unknown command.
Unknown command.
You closely miss the ball python.
The goblin no longer looks unusually strong.
Robin throws the goblin at you! The goblin barely misses you.
The ball python bites you.
* * * LOW HITPOINT WARNING * * *
The ball python constricts you. The hobgoblin hits you.
You die...

... ...... ....... ##
........# ...
........######....
..................
.?.......g......!
.........@S...... ....
##...lgg.......
....... #..g.#####....
...... #.............
...... #.g......... .
..... ####...........
.J... #..g...........
....####.r...#....l...
......./.....#........


You could see Robin, 2 hobgoblins, 3 goblins, a ball python, a frilled lizard
and a rat.

Vanquished Creatures
  A dart slug (D:1)
  A goblin (D:1)
  A hobgoblin (D:1)
  2 ball pythons (D:1)
  3 bats (D:1)
  3 frilled lizards (D:1)
  A kobold (D:1)
  2 rats (D:1)
14 creatures vanquished.

Notes
Turn   | Place    | Note
-------+----------+-------------------------------------------
     0 | D:1      | pkoi the Draconian Monk began the quest for the Orb.
     0 | D:1      | Reached XP level 1. HP: 19/19 MP: 1/1
   231 | D:1      | Reached XP level 2. HP: 24/26 MP: 2/2
   675 | D:1      | You fall into a shaft and drop 1 floor!
   675 | D:2      | Noticed Robin
   707 | D:2      | Slain by a hobgoblin

Illustrated notes

Levels and vault maps discovered:
D:1:      dpeg_arrival_rhombi, layout_rooms
D:2:      layout_basic, shapermc_ecumenical_altar_ellora, serial_shops, shop,
          uniq_natasha, uniq_robin, uniq_jessica

Action                   || total
-------------------------++-------
Melee: Unarmed           ||    50
       Tailslap          ||     7
  Use: Scroll            ||     2
 Stab: Sleeping          ||     2
Armor: Skin              ||    25
Dodge: Dodged            ||    44
